 Dungeon Crawl Stone Soup version 0.31.0-1-g2c135a008e (webtiles) character file.

Game seed: 12641534255725355788

6192 qw the Skirmisher (level 11, -5/79 HPs)
             Began as a Djinni Hunter on Jan 23, 2024.
             Killed by divine providence
             ... invoked by Jeremiah
              (12 damage)
             ... on level 8 of the Dungeon.
             The game lasted 00:00:48 (9079 turns).

qw the Skirmisher (Djinni Hunter)                   Turns: 9079, Time: 00:00:49

Health: -5/79      AC:  9    Str: 10    XL:     11   Next: 14%
Gold:   447        EV: 23    Int: 13    God:
                   SH:  0    Dex: 22

rFire   + + .        q - +1 orcbow
rCold   . . .        (shield currently unavailable)
rNeg    . . .        r - +0 acid dragon scales
rPois   inf          j - +0 helmet {Int+3}
rElec   .            g - +0 cloak {Stlth+}
rCorr   +            (no gloves)
SInv    .            (boots unavailable)
Will    +....        (no amulet)
Stlth   +++          h - +5 ring of evasion
HPRegen 0.33/turn    c - ring of protection from cold
MPRegen 0.00/turn

%: infuse magic (-6 HP)
@: flying
A: sickness immunity, fire resistance 2, cold vulnerability 1, float, innate
caster, HP casting, extra vitality 1
a: no special abilities


You were on level 8 of the Dungeon.
You visited 2 branches of the dungeon, and saw 9 of its levels.
You also visited: Sewer.

You collected 447 gold pieces.


Innate Abilities, Weirdness & Mutations

You are immune to sickness and miasma.
You are immune to poison.
Your flesh is very heat resistant. (rF++)
You are vulnerable to cold. (rC-)
You float through the air rather than walking.
You learn spells naturally, not from books.
Your magical power is your life essence.
You have superior vitality. (+4 MHP)


   Skills:
 + Level 7.2 Fighting
 - Level 10.0 Ranged Weapons
 - Level 4.1 Armour
 - Level 9.5 Dodging
 - Level 0.7 Stealth


You knew the following spells:

 Your Spells              Type           Power      Damage    Failure   Level
a - Summon Small Mammal   Summ           0%         N/A       43%         1
b - Jinxbite              Hex            0%         N/A       58%         2
c - Confusing Touch       Hex            0%         N/A       82%         3
d - Manifold Assault      Tloc           0%         N/A       99%         4
e - Sticky Flame          Fire/Alch      0%         2d4       99%         4
Your spell library was empty.

Inventory:

Hand Weapons
 q - a +1 orcbow (weapon)
Armour
 a - +0 steam dragon scales
 g - a +0 cloak of stealth (worn)
 j - a +0 helmet of intelligence (worn)
 r - +0 acid dragon scales (worn)
Jewellery
 b - a ring of fire
 c - a ring of protection from cold (right hand)
 d - a ring of positive energy
 h - a +5 ring of evasion (left hand)
 Y - a ring of protection from fire
Wands
 m - a wand of iceblast (9)
 p - a wand of charming (11)
Potions
 e - 2 potions of curing
 i - a potion of haste
 k - a potion of might
 o - a potion of cancellation

Dungeon Overview and Level Annotations

Branches:
Dungeon (8/15)             Temple (1/1) D:5            Lair (0/5) D:8
  Sewer (visited)

Altars:
Ashenzari
Cheibriados
Gozag
Hepliaklqana
Makhleb
Nemelex Xobeh
Ru
Trog
Uskayaw
Wu Jian
Yredelemnul
Zin
The Shining One

Shops:
D:1 [*?=(

Annotations:
D:4 4 runed translucent doors, Crazy Yiuf; qw's ghost, amateur DjHu
D:8 Jeremiah


Message History

The arrow hits Jeremiah but does no damage.
Jeremiah is severely wounded.
Jeremiah hits you with a +3 trident of draining.
You shoot an arrow. The arrow barely misses Jeremiah.
Jeremiah hits you with a +3 trident of draining.
9061 ||| READING scroll of teleportation.
As you read the scroll of teleportation, it crumbles to dust.
You feel strangely unstable.
The butterfly disappears in a burst of colours!
Jeremiah hits you with a +3 trident of draining.
9062 ||| DRINKING potion of heal wounds.
You feel much better.
The butterfly disappears in a burst of colours!
Jeremiah barely misses you.
You shoot an arrow. The arrow closely misses Jeremiah.
Your surroundings suddenly seem different.
You start resting.
The butterfly disappears in a burst of colours! x2
Jeremiah is nearby!
You shoot an arrow. The arrow hits Jeremiah.
Jeremiah is severely wounded.
Jeremiah hits you with a +3 trident of draining!
You shoot an arrow. The arrow misses Jeremiah.
Jeremiah hits you but does no damage.
You shoot an arrow. The arrow closely misses Jeremiah.
Jeremiah hits you with a +3 trident of draining.
You shoot an arrow. The arrow closely misses Jeremiah.
Jeremiah misses you.
You shoot an arrow. The arrow closely misses Jeremiah.
Jeremiah hits you with a +3 trident of draining.
You shoot an arrow. The arrow closely misses Jeremiah.
Jeremiah hits you with a +3 trident of draining.
Jeremiah hits you with a +3 trident of draining!
You shoot an arrow. The arrow hits Jeremiah.
Jeremiah is severely wounded.
The butterfly disappears in a burst of colours!
Jeremiah lets out a twisted cry.
Something smites you!
You die...
Jeremiah asks, "Is it over?
Can I wake up now?"

#.# #..## ##...
#.# ########.##
##.# #.#
.........# #.#
#b# # #######..##
##.# #.# .#
#bFbbb....##
##.## #.# #.##
#.#####.##.###.##
#.##...####.###
#.###...##
#..))b...bF#bb#
#.# #####
##b......##@#.#
#.#
##F.....##b#.#
#.# #)Fb.b##.# #
#.# ....F##.# #.#
..b.....# ..#
....#### ....#
####


You could see Jeremiah.

Vanquished Creatures
  Amaemon (D:8)
  An orange demon (D:8)
  Maggie (D:8)
  Prince Ribbit (D:5)
  Sigmund (D:4)
  4 yaks (D:8)
  A steam dragon (D:7)
  Menkaure (D:5)
  3 water moccasins (D:6)
  2 orc warriors (D:8)
  A sky beast (D:7)
  A black bear (D:8)
  2 wolves (D:8)
  2 ogres
  2 centaurs
  A phantom (D:5)
  9 kobold brigands
  3 bullfrogs
  A brain worm (Sewer)
  2 scorpions
  7 wights
  6 killer bees (D:8)
  A howler monkey (D:7)
  6 hounds
  2 gnoll boudas
  6 orc priests
  6 orc wizards
  3 iguanas
  15 gnolls
  10 adders
  3 river rats (Sewer)
  A shadow imp (D:3)
  5 white imps
  2 ufetubi (D:5)
  3 dart slugs
  6 ribbon worms
  23 orcs
  8 ball pythons
  7 endoplasms
  A giant cockroach (D:1)
  6 goblins
  5 hobgoblins
  2 jackals (D:2)
  15 kobolds
  3 quokkas
  8 bats
  4 frilled lizards
  11 rats
215 creatures vanquished.

Vanquished Creatures (others)
  A bullfrog (D:7)
1 creature vanquished.

Grand Total: 216 creatures vanquished

Notes
Turn   | Place    | Note
-------+----------+-------------------------------------------
     0 | D:1      | qw the Djinni Hunter began the quest for the Orb.
     0 | D:1      | Reached XP level 1. HP: 18/18 MP: 0/0
     0 | D:1      | 0 ||| qw: Version: 0.3-a-134-g2ba4250
     0 | D:1      | 0 ||| qw: Game counter: 717
     0 | D:1      | 0 ||| qw: Melee chars always use a shield: true
     0 | D:1      | 0 ||| qw: God list: Okawaru
     0 | D:1      | 0 ||| qw: Allow faded altars: false
     0 | D:1      | 0 ||| qw: Do Orc after clearing Dungeon:15 true
     0 | D:1      | 0 ||| qw: Do second Lair branch before Depths: true
     0 | D:1      | 0 ||| qw: Lair rune preference: random
     0 | D:1      | 0 ||| qw: Goals: Normal
     0 | D:1      | 0 ||| PLANNING D:1-11
    17 | D:1      | Found Riaqyul's Armour Boutique.
    22 | D:1      | 22 ||| SHOPLISTING +1 ring mail of willpower (224 gold,
                  | have 0).
    22 | D:1      | 22 ||| SHOPLISTING +3 salamander hide armour {Flames,
                  | rFlCloud rF++ rC--} (483 gold, have 0).
    22 | D:1      | Found Zonuniav's General Store.
    41 | D:1      | 41 ||| SHOPLISTING +6 ring of dexterity (468 gold, have 0).
    41 | D:1      | 41 ||| SHOPLISTING potion of enlightenment (65 gold, have
                  | 0).
    41 | D:1      | 41 ||| SHOPLISTING scroll of brand weapon (123 gold, have
                  | 0).
    41 | D:1      | 41 ||| SHOPLISTING scroll of teleportation (39 gold, have
                  | 0).
   142 | D:1      | Reached XP level 2. HP: 23/23 MP: 0/0
   147 | D:1      | Found Visua's Weapon Emporium.
   232 | D:1      | Found Domesile's Magic Scroll Boutique.
   247 | D:1      | 247 ||| SHOPLISTING 3 scrolls of teleportation (90 gold,
                  | have 19).
   247 | D:1      | 247 ||| SHOPLISTING scroll of enchant weapon (75 gold, have
                  | 19).
   247 | D:1      | 247 ||| SHOPLISTING scroll of identify (20 gold, have 19).
   247 | D:1      | 247 ||| SHOPLISTING scroll of teleportation (30 gold, have
                  | 19).
   425 | D:1      | Reached XP level 3. HP: 23/28 MP: 0/0
   425 | D:1      | Learned a level 1 spell: Summon Small Mammal
   449 | D:1      | Reached skill level 4 in Ranged Weapons
   639 | D:1      | Found Jileim's Jewellery Emporium.
   642 | D:1      | 642 ||| SHOPLISTING amulet of regeneration (420 gold, have
                  | 57).
   642 | D:1      | 642 ||| SHOPLISTING ring of fire (350 gold, have 57).
   723 | D:1      | 723 ||| UPGRADING to +0 ring mail.
   733 | D:1      | 733 ||| DROPPING +0 leather armour.
   734 | D:1      | 734 ||| UPGRADING to ring of protection from cold.
   735 | D:1      | 735 ||| UPGRADING to ring of positive energy.
   736 | D:1      | 736 ||| READING scroll labelled EBBAGO PUIVA.
   736 | D:1      | 736 ||| IDENTIFYING lumpy ruby potion
   737 | D:1      | 737 ||| READING scroll labelled HOISAE CU EMOL.
   838 | D:1      | 838 ||| READING scroll labelled SOETOI ZEHOUSY.
   881 | D:1      | 881 ||| READING scroll labelled WIEDOI RARIO.
   882 | D:1      | 882 ||| READING scroll labelled TEL RUNOARGHOM.
   886 | D:1      | 886 ||| DROPPING scroll of butterflies.
   968 | D:2      | Reached skill level 1 in Armour
  1046 | D:2      | Reached XP level 4. HP: 34/34 MP: 0/0
  1195 | D:2      | Reached skill level 3 in Fighting
  1372 | D:2      | 1372 ||| UPGRADING to ring of protection from fire.
  1374 | D:2      | 1374 ||| READING scroll of identify.
  1374 | D:2      | 1374 ||| IDENTIFYING metallic black potion
  1375 | D:2      | 1375 ||| READING scroll labelled MEYHUE ICOCO.
  1383 | D:3      | 1383 ||| PLANNING SEWER
  1761 | D:3      | Found a glowing drain.
  1762 | D:3      | 1762 ||| UPGRADING to +0 cloak of stealth.
  1767 | D:3      | 1767 ||| UPGRADING to +5 ring of evasion.
  1769 | D:3      | 1769 ||| UPGRADING to ring of protection from cold.
  1785 | Sewer    | Entered a sewer
  1805 | Sewer    | Noticed a kobold brigand
  1823 | Sewer    | Killed a kobold brigand
  1824 | Sewer    | Reached XP level 5. HP: 32/40 MP: 0/0
  1824 | Sewer    | Learned a level 2 spell: Jinxbite
  1866 | Sewer    | Noticed a kobold brigand
  1879 | Sewer    | Killed a kobold brigand
  1880 | Sewer    | Reached skill level 5 in Ranged Weapons
  1880 | Sewer    | Reached XP level 6. HP: 29/46 MP: 0/0
  2059 | Sewer    | Reached skill level 3 in Dodging
  2175 | Sewer    | Reached XP level 7. HP: 51/51 MP: 0/0
  2175 | Sewer    | Learned a level 3 spell: Confusing Touch
  2528 | Sewer    | Reached skill level 6 in Ranged Weapons
  2620 | Sewer    | Reached XP level 8. HP: 43/58 MP: 0/0
  2674 | Sewer    | 2674 ||| READING scroll labelled RILIBL QEEPEFF.
  2674 | Sewer    | Identified a scroll of acquirement
  2674 | Sewer    | 2674 ||| ACQUIRING +0 helmet of intelligence
  2674 | Sewer    | Acquired a +0 helmet of intelligence
  2676 | Sewer    | 2676 ||| UPGRADING to +0 helmet of intelligence.
  2702 | D:3      | 2702 ||| PLANNING D:1-11
  3342 | D:3      | 3342 ||| READING scroll of identify.
  3342 | D:3      | 3342 ||| IDENTIFYING fizzy sapphire potion
  3343 | D:3      | 3343 ||| READING scroll labelled JIASEK WYMPIC.
  3344 | D:3      | 3344 ||| DRINKING 2 purple potions.
  3345 | D:3      | 3345 ||| DROPPING potion of brilliance.
  3346 | D:3      | 3346 ||| DROPPING potion of magic.
  3363 | D:4      | 3363 ||| RETREEEEATING.
  3536 | D:4      | Noticed Sigmund
  3549 | D:4      | Killed Sigmund
  3550 | D:4      | Reached skill level 7 in Ranged Weapons
  3665 | D:4      | Found a runed translucent gate.
  3666 | D:4      | Found a runed translucent gate.
  3667 | D:4      | Found a runed translucent gate.
  3667 | D:4      | Found an opulent altar of Gozag.
  3670 | D:4      | Noticed qw's ghost (amateur DjHu)
  3694 | D:4      | Identified the +11 short sword of Poleesip {venom, rN+}
  3934 | D:4      | Found an ornate altar of the Wu Jian Council.
  4346 | D:4      | Found a runed translucent door.
  4347 | D:4      | Noticed Crazy Yiuf
  4472 | D:4      | 4472 ||| READING scroll labelled RACYPES YNGOJYU.
  4473 | D:4      | 4473 ||| READING scroll labelled AMAKOPPIUGI.
  4474 | D:4      | 4474 ||| DRINKING 2 fuming cyan potions.
  4487 | D:5      | Entered Level 5 of the Dungeon
  4609 | D:5      | Found a staircase to the Ecumenical Temple.
  4610 | D:5      | 4610 ||| PLANNING TEMPLE
  4610 | D:5      | 4610 ||| READING scroll labelled CEEREX QIUNOBBUKKO.
  4618 | Temple   | Entered the Ecumenical Temple
  4619 | Temple   | 4619 ||| PLANNING D:1-11
  4659 | D:5      | Reached XP level 9. HP: 55/65 MP: 0/0
  4659 | D:5      | Learned a level 4 spell: Manifold Assault
  4725 | D:5      | Noticed Menkaure
  4734 | D:5      | Killed Menkaure
  4735 | D:5      | 4735 ||| FLEEEEING.
  4736 | D:5      | 4736 ||| FLEEEEING.
  4737 | D:5      | 4737 ||| FLEEEEING.
  4738 | D:5      | 4738 ||| FLEEEEING.
  4756 | D:5      | Reached skill level 8 in Ranged Weapons
  4986 | D:5      | Noticed Prince Ribbit
  4993 | D:5      | 4993 ||| ZAPPING wand of iceblast (12) at 3,-1 (Prince
                  | Ribbit; floor).
  4998 | D:5      | 4998 ||| ZAPPING wand of iceblast (11) at 3,2 (Prince
                  | Ribbit; floor).
  4999 | D:5      | 4999 ||| ZAPPING wand of iceblast (10) at 2,2 (Prince
                  | Ribbit; floor).
  4999 | D:5      | Killed Prince Ribbit
  5000 | D:5      | Reached skill level 6 in Fighting
  5888 | D:6      | 5888 ||| SWAPPING to +0 orcbow.
  5889 | D:6      | 5889 ||| DROPPING +0 shortbow.
  5912 | D:6      | Reached skill level 9 in Ranged Weapons
  6341 | D:6      | 6341 ||| READING scroll of identify.
  6341 | D:6      | 6341 ||| IDENTIFYING cyan potion
  6342 | D:6      | 6342 ||| READING scroll labelled DENAUT VUPNIEDGHUKU.
  6410 | D:7      | 6410 ||| STAIRDANCE
  6414 | D:6      | Reached skill level 3 in Armour
  6495 | D:7      | 6495 ||| FLEEEEING.
  6507 | D:7      | 6507 ||| STAIRDANCE
  6598 | D:7      | Reached skill level 6 in Dodging
  6598 | D:7      | Reached XP level 10. HP: 66/72 MP: 0/0
  6896 | D:7      | 6896 ||| FLEEEEING.
  7145 | D:7      | Found a hide-covered altar of Uskayaw.
  7518 | D:7      | Found a sparkling altar of Nemelex Xobeh.
  7518 | D:7      | Found a bloodstained altar of Trog.
  7530 | D:7      | Found a glowing golden altar of the Shining One.
  7828 | D:7      | 7828 ||| UPGRADING to +0 steam dragon scales.
  7838 | D:7      | 7838 ||| DROPPING +0 ring mail.
  7839 | D:7      | 7839 ||| DRINKING 2 bubbling golden potions.
  7897 | D:8      | 7897 ||| RETREEEEATING.
  8078 | D:8      | Noticed Maggie
  8079 | D:8      | 8079 ||| ZAPPING wand of quicksilver (3) at 2,7 (Maggie;
                  | floor).
  8080 | D:8      | 8080 ||| ZAPPING wand of quicksilver (2) at 1,6 (Maggie;
                  | floor).
  8082 | D:8      | 8082 ||| RETREEEEATING.
  8083 | D:8      | 8083 ||| RETREEEEATING.
  8084 | D:8      | 8084 ||| ZAPPING wand of quicksilver (1) at 2,5 (Maggie;
                  | floor).
  8085 | D:8      | 8085 ||| RETREEEEATING.
  8108 | D:8      | Killed Maggie
  8193 | D:8      | 8193 ||| FLEEEEING.
  8194 | D:8      | 8194 ||| FLEEEEING.
  8234 | D:8      | Found a staircase to the Lair.
  8335 | D:8      | 8335 ||| RETREEEEATING.
  8337 | D:8      | 8337 ||| RETREEEEATING.
  8341 | D:8      | 8341 ||| RETREEEEATING.
  8342 | D:8      | 8342 ||| RETREEEEATING.
  8361 | D:8      | Reached skill level 10 in Ranged Weapons
  8561 | D:8      | Noticed an orange demon
  8563 | D:8      | 8563 ||| RETREEEEATING.
  8565 | D:8      | Noticed Amaemon
  8569 | D:8      | Killed an orange demon
  8585 | D:8      | Killed Amaemon
  8586 | D:8      | Reached skill level 9 in Dodging
  8586 | D:8      | Reached XP level 11. HP: 31/79 MP: 0/0
  8586 | D:8      | Learned a level 4 spell: Sticky Flame
  8625 | D:8      | 8625 ||| FLEEEEING.
  8627 | D:8      | 8627 ||| FLEEEEING.
  8628 | D:8      | 8628 ||| FLEEEEING.
  8629 | D:8      | 8629 ||| FLEEEEING.
  8630 | D:8      | 8630 ||| FLEEEEING.
  8631 | D:8      | 8631 ||| FLEEEEING.
  8632 | D:8      | 8632 ||| FLEEEEING.
  8633 | D:8      | 8633 ||| FLEEEEING.
  8634 | D:8      | 8634 ||| STAIRDANCE
  8752 | D:7      | 8752 ||| UPGRADING to +0 acid dragon scales.
  8762 | D:7      | 8762 ||| READING scroll labelled SUT ZOKYIREQ.
  8762 | D:7      | 8762 ||| ENCHANTING +0 orcbow.
  8830 | D:8      | 8830 ||| DRINKING 3 potions of curing.
  8830 | D:8      | 8830 ||| (to cure confusion)
  8846 | D:8      | Noticed Jeremiah
  8876 | D:8      | 8876 ||| FLEEEEING.
  8877 | D:8      | 8877 ||| FLEEEEING.
  8878 | D:8      | 8878 ||| FLEEEEING.
  8883 | D:8      | 8883 ||| FLEEEEING.
  8895 | D:8      | HP: 8/79 [Jeremiah/divine providence (16)]
  8896 | D:8      | 8896 ||| READING 2 scrolls of teleportation.
  8897 | D:8      | 8897 ||| DRINKING 2 potions of heal wounds.
  8898 | D:8      | 8898 ||| FLEEEEING.
  8899 | D:8      | 8899 ||| FLEEEEING.
  9036 | D:8      | 9036 ||| FLEEEEING.
  9060 | D:8      | HP: 19/79 [Jeremiah/+3 trident of draining (4)]
  9061 | D:8      | 9061 ||| READING scroll of teleportation.
  9062 | D:8      | 9062 ||| DRINKING potion of heal wounds.
  9077 | D:8      | HP: 19/79 [Jeremiah/+3 trident of draining (5)]
  9078 | D:8      | HP: 7/79 [Jeremiah/+3 trident of draining (7)]
  9079 | D:8      | Killed from afar by Jeremiah

Levels and vault maps discovered:
D:1:      ncdulo_smallfort, layout_loops_ring, serial_shops,
          nicolae_shop_rolling_square, shop, nicolae_shop_real_fake_doors, shop,
          shop, st_stairs_7
D:2:      layout_rooms
D:3:      layout_basic, cheibrodos_sewer_entry_bend
D:4:      layout_basic, mainiacjoe_overflow_alcove_4, ebering_ghost_gozag,
          uniq_crazy_yiuf_cottage, uniq_sigmund
D:5:      layout_cave_pools, minmay_temple_entry_ruins, uniq_prince_ribbit1,
          uniq_menkaure
D:6:      layout_loops_corners, minmay_door_square
D:7:      layout_layer_cave, lemuel_doored_altar,
          chequers_temple_overflow_minitemple
D:8:      layout_loops_ring, marbit_many_paths, erik_lair_orcish_takeover,
          minmay_unpleasant_kobolds, uniq_amaemon, uniq_maggie, uniq_jeremiah
Temple:   chequers_temple_sunken

Skill      XL: |  1  2  3  4  5  6  7  8  9 10 11 |
---------------+----------------------------------+-----
Ranged Weapons | 4 5 6 7 9 10 | 10.0
Armour         | 1 2 3 4 |  4.1
Fighting       | 3 4 5 6 7 |  7.2
Dodging        | 3 4 6 9 |  9.5
Stealth        | |  0.7

Action                     |  1- 3 |  4- 6 |  7- 9 | 10-12 || total
---------------------------+-------+-------+-------+-------++-------
   Fire: Shortbow          |    87 |   163 |   396 |       ||   646
         Orcbow            |       |       |    56 |   277 ||   333
  Evoke: Wand              |       |       |     3 |     3 ||     6
    Use: Scroll            |     5 |     2 |     8 |     3 ||    18
         Potion            |       |       |     2 |     4 ||     6
 Armour: Leather armour    |     5 |       |       |       ||     5
         Ring mail         |    24 |    36 |   119 |    28 ||   207
         Steam dragon scal |       |       |       |    41 ||    41
         Acid dragon scale |       |       |       |    21 ||    21
  Dodge: Dodged            |    27 |    72 |   233 |   234 ||   566

Table legend:
 A = Non-vault XP
 B = Vault XP
 C = Vault XP percentage of total XP
 D = Non-vault monster count
 E = Vault monster count
 F = Vault count percentage of total count
                 A         B        C        D         E       F
            +---------+---------+-------+---------+---------+-------
      Total |    4998 |    3849 |  43.5 |     164 |      51 |  23.7
            +---------+---------+-------+---------+---------+-------
        D:1 |      37 |       2 |   5.1 |      21 |       1 |   4.5
        D:2 |      53 |       0 |   0.0 |      19 |       0 |   0.0
        D:3 |      43 |       4 |   8.5 |      19 |       1 |   5.0
        D:4 |     439 |     223 |  33.7 |      26 |       1 |   3.7
        D:5 |     477 |     443 |  48.2 |      16 |       2 |  11.1
        D:6 |     997 |       0 |   0.0 |      17 |       0 |   0.0
        D:7 |    1173 |       0 |   0.0 |      25 |       0 |   0.0
        D:8 |    1779 |    2267 |  56.0 |      21 |      18 |  46.2
      Sewer |       0 |     910 | 100.0 |       0 |      28 | 100.0
            +---------+---------+-------+---------+---------+-------
